cohdb
Replays
Latest Replays
All Replays
Popular Replays
Top Player Replays
Match Explorer
How It Works
Community
CoH3 Stats
Reddit
Sign in to upload your games and track your stats! →
Sign in with Steam
Match 42184959
Unlisted
Match 42184959
Overview
Messages
Build Orders
End
Selects Air and Sea Battlegroup
Construct Section Command Post
Vickers Machine Gun Team
Construct Section Command Post
Dingo Light Scout Car
Infantry Section
Royal Engineer Section
Construct Platoon Command Post
Infantry Section
Selects Commando Section Paradrop
Selects M1 Pack Howitzer Paradrop
Construct Field Infirmary
M1 Pack Howitzer Paradrop
Selects Supply Surplus
Humber Armored Car
Commando Section Paradrop
6-pounder Anti-tank Gun Team
Selects UNKNOWN (223837)
Construct Company Command Post
Selects Incendiary Bombing Run
Crusader II Medium Tank
Unlock M3 Grant Medium Tanks
Infantry Training
M3 Grant Medium Tank
Foot Guards Section
Incendiary Bombing Run
mp5
Dawes
War Pig
Whitent
shrimp
εατмλsнοяτs
Mtr91
Airstrikes are my ASMR
0
0
Comments
sign in to comment!
No comments posted yet!